AoeStats
← T İ T A N

Black Forest

504857113Analyzed
4v4 RM · 25d ago on Sep 6, 2026· 49m 46s· 8 players
Game mode
Random Map
Map size
Large (8 player)
Population
200
Speed
Normal
Resources
Standard
Victory
Conquest
Starting age
Dark Age
Ending age
Imperial Age
RankedLock teamsTeams togetherTeam positionsShared explorationLock speedFull tech treeHidden civsTurbo modeCheats
Victory
Defeat
🇹🇷 Mongols · Türkiye
1126
+4
🇹🇷 Romans · Türkiye
761
+14
🇹🇷 Spanish · Türkiye
708
+16
🇹🇷 Italians · Türkiye
668
+18
🇺🇸 Ethiopians · United States
873
-19
🇨🇳 Magyars · China
733
-12
🇨🇷 Lithuanians · Costa Rica
690
-11
🇺🇸 Romans · United States
659
-17
oneal321
8:30 Loom
15:13 Feudal Age
15:48 Double-Bit Axe
15:48 Horse Collar
17:08 Wheelbarrow
20:41 Man-at-Arms
25:09 Castle Age
25:09 Bloodlines
25:14 Forging
25:07 Scale Mail Armor
25:33 Long Swordsman
26:53 Fletching
28:12 Squires
30:50 Heavy Plow
31:04 Bow Saw
33:00 Ballistas
33:19 Hand Cart
36:12 Padded Archer Armor
36:48 Iron Casting
36:21 Scale Barding Armor
37:25 Ballistics
37:17 Fortified Wall
37:04 Murder Holes
38:44 Caravan
42:19 Chain Mail Armor
42:17 Light Cavalry
Williamjason007
Bobuster
小菜机
13:36 Feudal Age
18:56 Castle Age
19:11 Double-Bit Axe
22:39 Loom
24:18 Gold Mining
31:10 Bow Saw
35:02 Imperial Age
32:57 Corvinian Army
33:52 Wheelbarrow
34:31 Husbandry
35:45 Cavalier
37:07 Hand Cart
36:36 Horse Collar
37:45 Gold Shaft Mining
37:33 Scale Barding Armor
36:53 Elite Magyar Huszar
38:11 Caravan
38:15 Paladin
39:21 Chain Barding Armor
40:10 Heavy Plow
41:53 Plate Barding Armor
44:00 Crop Rotation
T İ T A N
7:06 Loom
11:10 Feudal Age
11:34 Horse Collar
11:58 Double-Bit Axe
21:45 Castle Age
20:48 Gold Mining
20:50 Stone Mining
22:27 Heavy Plow
22:40 Bow Saw
23:48 Squires
25:51 Forging
25:43 Scale Mail Armor
25:45 Man-at-Arms
29:05 Imperial Age
28:13 Gold Shaft Mining
28:26 Long Swordsman
30:03 Iron Casting
29:44 Chain Mail Armor
30:17 Wheelbarrow
29:27 Town Watch
30:20 Crop Rotation
32:19 Blast Furnace
31:45 Hand Cart
31:30 Town Patrol
32:37 Fletching
33:05 Legionary
33:10 Pikeman
35:23 Conscription
36:35 Caravan
37:04 Comitatenses
38:54 Bodkin Arrow
45:11 Scale Barding Armor
45:06 Padded Archer Armor
47:12 Halberdier
49:56 Sappers
SeçkinA.
0:27 Loom
12:54 Feudal Age
13:27 Double-Bit Axe
17:11 Scale Mail Armor
18:37 Forging
18:07 Man-at-Arms
18:33 Arson
26:46 Castle Age
29:08 Bow Saw
28:42 Horse Collar
33:08 Heavy Plow
33:03 Gold Mining
33:05 Stone Mining
35:10 Wheelbarrow
39:04 Imperial Age
36:58 Hand Cart
36:37 Town Watch
37:20 Town Patrol
39:10 Stone Shaft Mining
39:19 Murder Holes
41:15 Iron Casting
40:46 Scale Barding Armor
40:35 Fletching
41:11 Ballistics
41:55 Chemistry
41:18 Ballistics
41:52 Conscription
41:36 Husbandry
41:47 Bloodlines
40:58 Cavalier
41:55 Bloodlines
41:08 Cavalier
43:21 Chain Barding Armor
44:02 Blast Furnace
43:26 Paladin
45:30 Two-Man Saw
45:11 Plate Barding Armor
BURKUT
13:04 Feudal Age
16:21 Arson
21:04 Loom
21:47 Scale Mail Armor
21:58 Forging
29:05 Castle Age
33:34 Wheelbarrow
35:07 Double-Bit Axe
35:16 Stone Mining
35:17 Gold Mining
44:09 Imperial Age
41:55 Hand Cart
49:21 Chemistry
AgaC
1:43 Loom
11:47 Feudal Age
16:24 Castle Age
14:56 Double-Bit Axe
16:48 Fishing Lines
16:52 Horse Collar
18:06 Bow Saw
17:58 Heavy Plow
20:56 Gillnets
21:03 Stone Mining
26:06 Gold Mining
28:33 Wheelbarrow
27:44 Town Watch
29:24 Caravan
32:24 Imperial Age
30:44 Fortified Wall
30:45 Masonry
30:31 Murder Holes
31:40 Fletching
31:51 Padded Archer Armor
32:59 Hand Cart
32:30 Town Watch
34:22 Conscription
33:59 Bodkin Arrow
34:19 Leather Archer Armor
34:10 Scale Barding Armor
34:15 Forging
35:05 Hoardings
35:39 Chemistry
34:44 Siege Engineers
35:06 Onager
36:01 Bloodlines
35:52 Husbandry
35:12 Light Cavalry
35:56 Bracer
36:32 Elite Mangudai
37:45 Drill
38:09 Siege Onager
39:18 Hussar
40:20 Chain Barding Armor
40:35 Iron Casting
40:37 Town Patrol
40:17 Capped Ram
40:38 Sappers
44:39 Ballistics
Connection lost

Rejoining the realm…

Still unreachable

The connection could not be restored.

Session expired

The server has moved on; the page needs a fresh start.